 Dungeon Crawl Stone Soup version 0.27-a0-1184-ge86db4a01e (webtiles) character file.

Game seed: 15166902785161002646

16 Puffin the Chopper (level 2, -1/27 HPs)
             Began as a Minotaur Berserker on May 18, 2021.
             Was a Follower of Trog.
             Slain by a quokka (3 damage)
             ... on level 3 of the Dungeon.
             The game lasted 00:07:27 (242 turns).

Puffin the Chopper (Minotaur Berserker)              Turns: 242, Time: 00:07:28

Health: -1/27      AC:  2    Str: 21    XL:     2   Next: 37%
Magic:  1/1        EV: 12    Int:  4    God:    Trog [*.....]
Gold:   13         SH:  0    Dex:  9    Spells: 1/1 levels left

rFire    . . .     SeeInvis .   a - +0 hand axe
rCold    . . .     Faith    .   (no shield)
rNeg     . . .     Spirit   .   b - +0 animal skin
rPois    .         Reflect  .   (helmet restricted)
rElec    .         Harm     .   (no cloak)
rCorr    .         Rampage  .   (no gloves)
Will     .....                  (no boots)
Stlth    +.........             (no amulet)
HPRegen  0.09/turn              (no ring)
MPRegen  0.07/turn              (no ring)

@: on berserk cooldown
A: horns 2, retaliatory headbutt
a: Renounce Religion, Berserk


You were on level 3 of the Dungeon.
You worshipped Trog.
Trog was aware of your devotion.
You visited 1 branch of the dungeon, and saw 3 of its levels.

You collected 13 gold pieces.

Inventory:

Hand Weapons
 a - a +0 hand axe (weapon)
Armour
 b - a +0 animal skin (worn)
Potions
 c - a potion of might {unknown}


   Skills:
 + Level 3.9 Fighting
 + Level 3.9 Axes
 + Level 2.8 Armour
 + Level 2.5 Dodging


You had one spell level left.
You didn't know any spells.
Your spell library was empty.

Dungeon Overview and Level Annotations

Branches:
Dungeon (3/15)

Altars:

Annotations:
D:3 Ijyb


Innate Abilities, Weirdness & Mutations

You have a pair of horns on your head.
You reflexively headbutt those who attack you in melee.


Message History

Found 18 bolts.
A quokka comes into view.
The hobgoblin barely misses you.
You are too injured to fight recklessly!
You completely miss the hobgoblin. Your headbutt misses the hobgoblin.
The hobgoblin closely misses you.
Ijyb zaps a wand.
Some rock shatters into small pieces.
You are too injured to fight recklessly!
You slash the hobgoblin!
You kill the hobgoblin!
Trog accepts your kill.
You are too injured to fight recklessly!
You closely miss the hobgoblin. The hobgoblin hits you.
The quokka closely misses you. The hobgoblin misses you.
You are too injured to fight recklessly!
You barely miss the hobgoblin. You headbutt the hobgoblin.
You kill the hobgoblin!
Trog accepts your kill.
You closely miss the quokka. The quokka bites you. The quokka misses you.
Press: ? - help, v - describe, . - travel
Here: a quokka The floor.
You are too injured to fight recklessly!
You are too injured to fight recklessly!
You are too injured to fight recklessly!
You barely miss the quokka. The quokka misses you. The quokka bites you.
* * * LOW HITPOINT WARNING * * *
You are too injured to fight recklessly!
The quokka closely misses you.
Ijyb screams, "Die!"
The quokka closely misses you. You furiously retaliate!
You headbutt the quokka.
You feel yourself speed up. The quokka barely misses you.
Ijyb hits you with a +0 club.
* * * LOW HITPOINT WARNING * * *
Ijyb barely misses you.
A bat comes into view.
The bat moves out of view.
The quokka bites you.
You die...

... ...##..# ##
....###.#...### ...
......#..#<...# ....
...>.#....##...#
....###.#.......###..<
......................
...................#.
#......g..........#
#...(.@rg..........#
#................#..
..................##.
..................#
..................#
..#...............#
...................
...#####.####....


You could see Ijyb, a quokka and a goblin.

Vanquished Creatures
  An adder (D:2)
  2 goblins (D:2)
  3 hobgoblins
  A ball python (D:1)
7 creatures vanquished.

Notes
Turn   | Place    | Note
-------+----------+-------------------------------------------
     0 | D:1      | Puffin the Minotaur Berserker began the quest for the Orb.
     0 | D:1      | Reached XP level 1. HP: 19/19 MP: 0/0
   206 | D:2      | Reached XP level 2. HP: 13/27 MP: 1/1
   228 | D:3      | Noticed Ijyb
   242 | D:3      | Slain by a quokka

Illustrated notes

Levels and vault maps discovered:
D:1:      zaba_arrival_water, layout_basic, minivault_19,
          chequers_serial_rivers_room_b
D:2:      layout_loops_ring
D:3:      layout_rooms, shapermc_ecumenical_altar_starsandcircs,
          dk_noncrumbling_2, minmay_misc_feat_chi, kennysheep_big_empty_room,
          uniq_ijyb, uniq_terence, uniq_robin

Action                   || total
-------------------------++-------
Melee: Hand axe          ||    16
       Headbutt          ||     3
Invok: Berserk           ||     1
Armor: Animal skin       ||     7
Dodge: Dodged            ||    21

Table legend: (Time is in decaauts)
 A = Elapsed time spent in this place.
 B = Non-inter-level travel time spent in this place.
 C = Inter-level travel time spent in this place.
 D = Time resting spent in this place.
 E = Time spent auto-exploring this place.
 F = Levels seen in this place.
 G = Mean time per level.
                   A        B        C        D        E       F      G
               +--------+--------+--------+--------+--------+-----+--------+
         Total |    263 |    263 |      0 |      0 |      0 |   3 |   87.7 |
       Dungeon |    263 |    263 |      0 |      0 |      0 |   3 |   87.7 |
               +--------+--------+--------+--------+--------+-----+--------+

Top non-repeatable levels by time:
     D:2: 127 daAuts
     D:1: 116 daAuts
     D:3: 20 daAuts
